Map: Celestial Enclave LE

Players

Greatmove

  • Race: Zerg Zerg
  • League: Master
  • Spawn Location: 7:00

GerzOnKeyz - Winner!

  • Race: Terran Terran
  • League: Gold
  • Spawn Location: 1:00

VOD

Have the link to the VOD?

Description

Time

  • Played on: Feb. 6, 2026, 11:01 a.m.
  • Length: 8:19
Show
View Real Time Build Order
Export as new Build Order

Greatmove Zerg 

Build Orders: Pool First 

Get SALT Encoding   

  12  0:01  Drone  
  13  0:08  Drone  
  14  0:16  Overlord  
  14  0:35  Spawning Pool  
  13  0:37  Drone  
  13  0:41  Drone  
  15  0:45  Drone  
  16  0:50  Drone  
  17  0:58  Drone  
  18  1:05  Extractor  
  18  1:09  Drone  
  18  1:20  Drone  
  18  1:24  Queen  
  21  1:32  Overlord  
  21  1:43  Drone  
  21  1:47  Hatchery  
  21  1:53  Drone  
  22  2:04  Drone  
  23  2:14  Drone  
  24  2:23  Extractor  
  24  2:24  Zergling x2  
  24  2:38  Zergling x6  
  24  2:42  Drone  
  28  2:58  Baneling Nest  
  27  3:01  Overlord x2  
  27  3:05  Drone  
  28  3:15  Metabolic Boost  
  28  3:19  Drone  
  29  3:24  Drone  
  29  3:25  Drone x2  
  29  3:26  Drone  
  33  3:31  Drone x2  
  35  3:39  Drone  
  36  3:42  Zergling x2  
  36  3:43  Queen  
  36  3:46  Drone  
  40  3:49  Drone x2  
  40  3:53  Drone  
  40  3:54  Drone  
  44  4:05  Overlord  
  44  4:22  Overlord x2  
  44  4:23  Queen  
  46  4:30  Zergling x4  
  46  4:31  Zergling x6  
  51  4:37  Drone  
  52  4:46  Drone  
  53  4:58  Zergling x6  
  56  5:00  Zergling x4  
  56  5:01  Zergling x2  
  59  5:11  Drone x4  
  63  5:14  Extractor  
  63  5:15  Drone  
  63  5:17  Extractor  
  62  5:25  Baneling x5  
  62  5:26  Baneling x4  
  61  5:29  Zergling x4  
  61  5:30  Zergling x2  
  64  5:41  Zergling x6  
  67  5:45  Overlord x2  
  67  5:52  Overlord x2  
  67  5:53  Hatchery, Zergling x2  
  67  6:03  Overlord x2  
  67  6:04  Zergling x2  
  67  6:11  Zergling x4  
  70  6:20  Lair, Zergling x2  
  70  6:21  Zergling x10  
  70  6:23  Zergling x4  
  78  6:33  Zergling x4  
  80  6:56  Baneling x2  
  80  6:57  Baneling x7  
  80  6:58  Baneling x3  
  80  7:01  Zergling x12  
  83  7:02  Zergling x8  
  90  7:16  Zergling x4  
  67  7:55  Evolution Chamber  
  67  8:02  Spore Crawler  
Show
View Real Time Build Order
Export as new Build Order

GerzOnKeyz Terran - Winner!

Build Orders:  

Get SALT Encoding   

  12  0:00  SCV  
  13  0:16  Supply Depot  
  13  0:17  SCV  
  14  0:34  Supply Depot  
  14  0:41  Barracks  
  14  0:43  SCV  
  15  0:58  Refinery  
  15  0:59  Refinery  
  15  1:10  SCV  
  16  1:11  Supply Depot  
  16  1:26  SCV  
  16  1:32  Marine  
  18  1:46  SCV  
  19  1:49  Bunker  
  19  1:53  Marine  
  20  2:00  Orbital Command  
  20  2:17  Factory  
  20  2:18  Marine  
  21  2:30  Refinery  
  21  2:31  SCV  
  22  2:37  Marine  
  23  3:05  Starport  
  23  3:07  Starport  
  23  3:12  Marine  
  23  3:15  SCV  
  25  3:27  SCV  
  25  3:34  Marine  
  26  3:39  SCV  
  28  3:46  Starport Tech Lab  
  28  3:50  Starport Tech Lab  
  28  3:51  SCV  
  28  3:55  Fusion Core  
  29  4:04  SCV  
  30  4:12  Supply Depot  
  30  4:24  Marine  
  31  4:33  SCV  
  32  4:48  Battlecruiser  
  32  4:49  Battlecruiser  
  44  5:06  SCV  
  45  5:07  Engineering Bay  
  45  5:18  Supply Depot  
  45  5:19  Marine  
  46  5:46  Sensor Tower  
  46  5:49  Supply Depot  
  46  5:52  Battlecruiser  
  52  6:15  Command Center  
  52  6:28  Battlecruiser  
  58  6:43  Sensor Tower  
  58  6:57  Armory  
  58  7:07  Missile Turret  
  58  7:10  Marine  
Tags
 
Add a new tag
Caveats
  • Supply blocks, unpowered buildings, or Contaminate may cause inaccurate times.
  • Supply counts are checked every 10 seconds.